 Dungeon Crawl Stone Soup version 0.27-a0-1186-g8b4daa1eef (webtiles) character file.

Game seed: 3490164237603333259

12399 mordus the Severer (level 11, -1/82 HPs)
             Began as a Minotaur Berserker on May 19, 2021.
             Was a High Priest of Trog.
             Shot with an arrow by a centaur warrior (24 damage)
             ... on level 12 of the Dungeon.
             The game lasted 00:33:28 (12289 turns).

mordus the Severer (Minotaur Berserker)            Turns: 12289, Time: 00:33:29

Health: -1/82      AC: 22    Str: 25    XL:     11   Next: 61%
Magic:  10/10      EV: 10    Int:  4    God:    Trog [*****.]
Gold:   703        SH:  0    Dex: 10    Spells: 10/10 levels left

rFire    + + .     SeeInvis +   t - +0 battleaxe (protect)
rCold    x . .     Faith    .   (shield currently unavailable)
rNeg     . . .     Spirit   .   d - +5 fire dragon scales of Egalitarianism {Harm +Blink rF++ rC-}
rPois    +         Reflect  .   (helmet restricted)
rElec    .         Harm     +   E - +0 cloak
rCorr    .         Rampage  .   k - +0 pair of gloves
Will     ++...                  j - +0 pair of boots
Stlth    ..........             (no amulet)
HPRegen  1.23/turn              A - ring of poison resistance
MPRegen  0.12/turn              s - ring of see invisible

@: strong-willed, regenerating
A: horns 2, retaliatory headbutt
a: Renounce Religion, Evoke Blink, Berserk, Trog's Hand, Brothers in Arms


You were on level 12 of the Dungeon.
You worshipped Trog.
Trog was extremely pleased with you.
You visited 1 branch of the dungeon, and saw 12 of its levels.

You collected 703 gold pieces.

Inventory:

Hand Weapons
 a - a +0 hand axe
 t - a +0 battleaxe of protection (weapon)
 y - a +3 war axe
 I - a +1 war axe of freezing
Missiles
 c - 23 poisoned darts (quivered)
 u - a throwing net
 H - 3 atropa-tipped darts
Armour
 d - the +5 fire dragon scales of Egalitarianism (worn) {Harm +Blink rF++ rC-}
   (You acquired it on level 10 of the Dungeon)

   It greatly protects you from fire.
   It makes you vulnerable to cold.
   It lets you blink.
   It increases damage dealt and taken.
 j - a +0 pair of boots (worn)
 k - a +0 pair of gloves (worn)
 E - a +0 cloak (worn)
 K - a +2 chain mail of positive energy
Jewellery
 s - a ring of see invisible (right hand)
 z - a ring of flight
 A - a ring of poison resistance (left hand)
 C - a ring of protection from fire
 D - a +6 ring of strength
 F - a ring of resist corrosion
Wands
 l - a wand of polymorph (6)
 x - a wand of mindburst (10)
 G - a wand of iceblast (11)
Scrolls
 e - a scroll of fear
 m - 6 scrolls of teleportation
 p - a scroll of fog
 q - 2 scrolls of enchant armour
 r - a scroll of acquirement
 w - 6 scrolls of identify
Potions
 b - a potion of might
 f - 2 potions of attraction
 g - 2 potions of heal wounds
 i - a potion of brilliance
 o - a potion of lignification
 v - 2 potions of curing
Miscellaneous
 h - a condenser vane


   Skills:
 - Level 3.6 Fighting
 * Level 17.2 Axes
 + Level 12.7 Armour
 - Level 2.1 Dodging


You had 10 spell levels left.
You didn't know any spells.
Your spell library contained the following spells:

 Spells                   Type           Power      Damage    Failure   Level
 Animate Armour           Summ/Erth      0%         N/A       100%        4
 Leda's Liquefaction      Hex/Erth       0%         N/A       100%        4
 Bolt of Magma            Conj/Fire/Erth 0%         4d4       100%        5
 Iron Shot                Conj/Erth      0%         9d1       100%        6
 Statue Form              Tmut/Erth      0%         N/A       100%        6
 Shatter                  Erth           0%         3d5*      100%        9


Dungeon Overview and Level Annotations

Branches:
Dungeon (12/15)            Temple (0/1) D:6            Lair (0/6) D:10
    Orc (0/2) D:10

Altars:
Cheibriados
Dithmenos
Fedhas
Kikubaaqudgha
Nemelex Xobeh
Okawaru
Qazlal
Uskayaw
Wu Jian
Xom

Shops:
D:3 ?   D:7 *   D:8 =

Annotations:
D:8 2 transporters


Innate Abilities, Weirdness & Mutations

You have a pair of horns on your head.
You reflexively headbutt those who attack you in melee.


Message History

You barely miss the troll. Your headbutt misses the troll.
The troll is almost dead.
The troll bites you. The troll barely misses you. x2
You barely miss the troll.
The troll is severely wounded.
The troll bites you. The troll claws you.
The troll claws you but does no damage.
You slash the troll!
Your weapon exudes an aura of protection.
You kill the troll!
Trog accepts your kill.
Things that are here:
a +0 dagger; an orc corpse You open the door.
A komodo dragon, 4 slime creatures, a centaur and a centaur warrior come into view.
The slime creature quivers. x2
The centaur warrior shouts!
The slime creature quivers. x2
The komodo dragon hisses angrily.
You hear a shout! x2; You hear a bellow! x2
You hear a shout!
A centaur comes into view.
A cyclops comes into view.
The centaur wields a +0 shortbow.
The centaur shoots an arrow.
The arrow hits you but does no damage.
The centaur wields a +0 shortbow.
The centaur shoots an arrow.
The arrow hits you.
A slime creature comes into view.
The slime creature moves out of view.
The komodo dragon moves out of view.
Found 24 gold pieces and a potion of curing.
A slime creature comes into view.
The centaur warrior unwields a +3 whip.
The centaur warrior wields a +3 shortbow.
The centaur warrior shoots an arrow.
The arrow hits you but does no damage.
The centaur shoots an arrow.
The arrow hits you.
* * * LOW HITPOINT WARNING * * *
The slime creature moves out of view.
The centaur warrior shoots an arrow.
The arrow hits you.
* * * LOW HITPOINT WARNING * * *
Your skin crawls.
You feel strong-willed.
The centaur warrior shoots an arrow.
The arrow hits you!!
You die...

.##########..#....<..#
........†)...#)).....#
#......)............#
#......######[......#
#......# #..######
#......# #### C
#......##### JJ
#..........#


.JJ ##########@# ..J #.# $.# #.#..!# #.c...# ###.$.# ...# .c.. ..... .... You
could see a centaur warrior.

Vanquished Creatures
  A boulder beetle (D:11)
  A centaur warrior (D:11)
  3 two-headed ogres
  Nergalle (D:10)
  Pikel (D:7)
  A gargoyle (D:11)
  Joseph (D:7)
  A troll (D:12)
  A hornet (D:8)
  2 wraiths (D:11)
  A wyvern (D:9)
  10 yaks
  A steam dragon (D:8)
  Menkaure (D:7)
  3 water moccasins
  2 ice beasts (D:7)
  6 orc warriors
  2 black bears (D:10)
  2 necrophages
  5 centaurs
  A kobold brigand (D:7)
  4 bullfrogs
  2 wyvern zombies
  4 scorpions
  A wyvern skeleton (D:7)
  A water moccasin skeleton (D:5)
  6 killer bees (D:10)
  10 wights
  10 howler monkeys
  4 centaur zombies
  A crimson imp (D:8)
  2 bullfrog zombies
  5 hounds
  7 orc priests
  2 bullfrog skeletons
  2 iguanas
  Jessica (D:3)
  4 orc wizards
  A killer bee zombie (D:8)
  3 howler monkey zombies
  10 adders
  4 gnolls (D:5)
  3 white imps
  2 adder skeletons
  2 worms
  A dart slug (D:1)
  26 orcs
  10 endoplasms
  4 giant cockroaches (D:1)
  5 goblins
  5 hobgoblins
  12 jackals
  8 kobolds
  4 quokkas
  5 ball pythons
  3 bats
  2 frilled lizards
  6 rats
229 creatures vanquished.

Vanquished Creatures (others)
  An orc (D:8)
  10 fungi (D:10)
  21 plants (D:10)
32 creatures vanquished.

Grand Total: 261 creatures vanquished

Notes
Turn   | Place    | Note
-------+----------+-------------------------------------------
     0 | D:1      | mordus the Minotaur Berserker began the quest for the Orb.
     0 | D:1      | Reached XP level 1. HP: 19/19 MP: 0/0
   193 | D:1      | Reached skill level 4 in Axes
   318 | D:1      | Reached XP level 2. HP: 22/26 MP: 1/1
   601 | D:1      | Reached ** piety under Trog
   690 | D:1      | Reached XP level 3. HP: 31/31 MP: 2/2
   896 | D:2      | Found Utisk's Antique Weapon Shop.
  1092 | D:2      | Reached skill level 5 in Axes
  1156 | D:2      | Reached XP level 4. HP: 19/39 MP: 3/3
  1662 | D:3      | Noticed Jessica
  1753 | D:3      | Killed Jessica
  1844 | D:3      | Found Fizoezuiss's Magic Scroll Emporium.
  1979 | D:3      | Reached *** piety under Trog
  1988 | D:3      | Reached skill level 6 in Axes
  2015 | D:3      | Reached XP level 5. HP: 45/45 MP: 4/4
  2435 | D:4      | Reached skill level 7 in Axes
  2745 | D:4      | Reached XP level 6. HP: 51/51 MP: 5/5
  2802 | D:5      | Entered Level 5 of the Dungeon
  3105 | D:5      | Reached skill level 5 in Armour
  3260 | D:5      | Reached skill level 8 in Axes
  3260 | D:5      | Reached XP level 7. HP: 48/57 MP: 6/6
  3979 | D:5      | Reached skill level 9 in Axes
  4503 | D:6      | Reached **** piety under Trog
  4511 | D:6      | Reached XP level 8. HP: 57/64 MP: 7/7
  4558 | D:6      | Found a shadowy altar of Dithmenos.
  4627 | D:6      | Found a staircase to the Ecumenical Temple.
  4672 | D:6      | Reached skill level 10 in Axes
  4856 | D:6      | You fall into a shaft and drop 3 floors!
  4930 | D:9      | Reached skill level 11 in Axes
  5122 | D:9      | Reached XP level 9. HP: 16/70 MP: 8/8
  5141 | D:9      | Reached skill level 12 in Axes
  5491 | D:7      | Noticed Pikel
  5511 | D:7      | Killed Pikel
  5512 | D:7      | Reached skill level 13 in Axes
  5518 | D:8      | HP: 5/105 [orc warrior/+0 mace (7)]
  5728 | D:8      | Found a blossoming altar of Fedhas.
  5968 | D:7      | Noticed Joseph
  5979 | D:7      | Reached skill level 10 in Armour
  5983 | D:7      | Killed Joseph
  6161 | D:7      | Reached XP level 10. HP: 73/77 MP: 9/9
  6440 | D:6      | Reached skill level 14 in Axes
  6674 | D:7      | Found an ornate altar of the Wu Jian Council.
  6721 | D:7      | Noticed Menkaure
  6727 | D:7      | Killed Menkaure
  6729 | D:7      | Found Apne's Assorted Antiques.
  6974 | D:8      | Noticed a two-headed ogre
  6984 | D:8      | Killed a two-headed ogre
  7747 | D:8      | Found a shimmering altar of Xom.
  7747 | D:8      | Found a sparkling altar of Nemelex Xobeh.
  7855 | D:8      | Found a stormy altar of Qazlal.
  7855 | D:8      | Found an ancient bone altar of Kikubaaqudgha.
  7899 | D:8      | Noticed a boulder beetle
  7900 | D:8      | Found a transporter.
  7908 | D:8      | Found a transporter.
  7973 | D:8      | Found Kuofroun's Jewellery Boutique.
  8428 | D:9      | Reached skill level 15 in Axes
  8633 | D:9      | Found a hide-covered altar of Uskayaw.
  8735 | D:9      | Noticed a two-headed ogre
  8746 | D:9      | Killed a two-headed ogre
  9402 | D:10     | Entered Level 10 of the Dungeon
  9727 | D:10     | Found a staircase to the Lair.
  9743 | D:10     | Reached ***** piety under Trog
  9767 | D:10     | Reached XP level 11. HP: 75/82 MP: 10/10
  9904 | D:10     | Noticed Nergalle
  9918 | D:10     | Killed Nergalle
  9919 | D:10     | Reached skill level 16 in Axes
 10176 | D:10     | Found a staircase to the Orcish Mines.
 10196 | D:10     | Identified 2 scrolls of acquirement
 10196 | D:10     | Acquired the +5 fire dragon scales of Egalitarianism {Harm
                  | +Blink rF++ rC-}
 10478 | D:10     | Found an iron altar of Okawaru.
 10838 | D:11     | Noticed a two-headed ogre
 10840 | D:11     | Noticed a boulder beetle
 10853 | D:11     | Killed a two-headed ogre
 11180 | D:11     | Killed a boulder beetle
 11618 | D:11     | Noticed a centaur warrior
 11627 | D:11     | Killed a centaur warrior
 11857 | D:11     | Reached skill level 17 in Axes
 12159 | D:11     | Found a snail-covered altar of Cheibriados.
 12285 | D:12     | Noticed a centaur warrior
 12289 | D:12     | Shot with an arrow by a centaur warrior

Illustrated notes

Levels and vault maps discovered:
D:1:      scummos_arrival_hexagon, layout_rooms, kennysheep_boxes
D:2:      layout_loops_ring, serial_shops, shop
D:3:      layout_rooms, serial_shops, nicolae_shop_behind_doors, uniq_jessica
D:4:      layout_basic
D:5:      layout_loops_cross
D:6:      layout_loops_ring, grunt_dithmenos_smoke_and_mirrors,
          minmay_temple_entry_waves
D:7:      layout_rooms, nicolae_wu_jian_wuxing_cycle, serial_shops, shop,
          uniq_pikel, uniq_menkaure, uniq_joseph
D:8:      layout_loops_ring, gammafunk_temple_overflow_statue,
          gammafunk_temple_overflow_pools, gammafunk_temple_overflow_arena,
          serial_shops, shop, nrook_mini_vaults, minmay_fire_ice_demons
D:9:      layout_basic, nicolae_uskayaw_suspiria
D:10:     layout_irregular_city, lemuel_doored_altar,
          due_lair_maze_entry_diamond, david_orc_3, uniq_nergalle
D:11:     layout_rooms, cheibrodos_worm_habitat
D:12:     minmay_shrinking_squares, layout_rooms, gauntlet_entry_generic,
          gammafunk_ghost_smash, grunt_potential

Skill      XL: |  1  2  3  4  5  6  7  8  9 10 11 |
---------------+----------------------------------+-----
Axes           | 4 5 6 7 8 9 11 13 15 17 | 17.2
Armour         | 3 4 5 6 8 10 11 12 | 12.7
Fighting       | |  3.6
Dodging        | |  2.1

Action                   |  1- 3 |  4- 6 |  7- 9 | 10-12 || total
-------------------------+-------+-------+-------+-------++-------
Melee: Hand axe          |    76 |   139 |    34 |       ||   249
       Headbutt          |     9 |    21 |    49 |    67 ||   146
       Battleaxe         |       |       |    55 |    51 ||   106
       War axe           |       |       |   114 |   235 ||   349
Invok: Trog's Hand       |       |     1 |     4 |     1 ||     6
       Berserk           |       |       |     2 |       ||     2
  Use: Scroll            |       |       |       |    15 ||    15
       Potion            |       |       |       |     7 ||     7
Armor: Animal skin       |    13 |    15 |       |       ||    28
       Ring mail         |       |    21 |       |       ||    21
       Scale mail        |       |    21 |    28 |       ||    49
       Chain mail        |       |       |    81 |    94 ||   175
       Fire dragon scale |       |       |       |    56 ||    56
Dodge: Dodged            |    48 |    68 |   109 |    96 ||   321

Table legend: (Time is in decaauts)
 A = Elapsed time spent in this place.
 B = Non-inter-level travel time spent in this place.
 C = Inter-level travel time spent in this place.
 D = Time resting spent in this place.
 E = Time spent auto-exploring this place.
 F = Levels seen in this place.
 G = Mean time per level.
                   A        B        C        D        E       F      G
               +--------+--------+--------+--------+--------+-----+--------+
         Total |  12282 |  12072 |    210 |   2445 |   7610 |  12 | 1023.5 |
       Dungeon |  12282 |  12072 |    210 |   2445 |   7610 |  12 | 1023.5 |
               +--------+--------+--------+--------+--------+-----+--------+

Top non-repeatable levels by time:
    D:10: 1887 daAuts
     D:9: 1639 daAuts
     D:8: 1532 daAuts
     D:5: 1268 daAuts
     D:6: 1031 daAuts
     D:4: 919 daAuts
     D:1: 901 daAuts
    D:11: 883 daAuts
     D:7: 880 daAuts
     D:2: 841 daAuts
     D:3: 414 daAuts
    D:12: 82 daAuts
